Map: Orbital Depot

Players

merlin - Winner!

  • Race: Terran Terran
  • Spawn Location: 9:00

Metasapien - Winner!

  • Race: Zerg Zerg
  • League: Platinum
  • Spawn Location: 7:00

MotivadooO - Winner!

  • Race: Terran Terran
  • Spawn Location: 9:00

BobaFett

  • Race: Protoss Protoss
  • Spawn Location: 3:00

Tblake

  • Race: Terran Terran
  • Spawn Location: 1:00

clark

  • Race: Protoss Protoss
  • Spawn Location: 3:00

VOD

Have the link to the VOD?

Description

Time

  • Played on: Sept. 17, 2017, 4:28 p.m.
  • Length: 20:19
Show
View Real Time Build Order
Export as new Build Order

merlin Terran - Winner!

Build Orders: MMM Bio 

Get SALT Encoding   

  12  0:02  SCV  
  13  0:14  SCV  
  14  0:23  Supply Depot  
  14  0:32  SCV  
  15  0:45  SCV  
  16  0:57  SCV  
  17  1:09  SCV  
  18  1:13  Barracks  
  18  1:16  Barracks  
  18  1:22  SCV  
  19  1:37  Command Center, SCV  
  20  1:50  SCV  
  20  1:54  Refinery  
  21  2:02  SCV, Supply Depot  
  22  2:10  Marine  
  23  2:16  Supply Depot  
  23  2:23  Refinery  
  23  2:24  SCV, Marine  
  23  2:28  Marine, Supply Depot  
  26  2:42  Supply Depot, Marine  
  28  2:44  SCV  
  28  2:47  Marine  
  29  2:57  Supply Depot  
  29  2:59  Marine  
  29  3:01  SCV  
  31  3:20  Bunker  
  32  3:30  Orbital Command  
  31  3:35  Marine, Supply Depot  
  31  3:36  Marine  
  33  3:53  Marine x2  
  35  3:56  Orbital Command  
  35  4:15  SCV  
  35  4:16  Engineering Bay  
  36  4:21  Barracks Reactor  
  36  4:24  Barracks Tech Lab, SCV  
  36  4:27  SCV  
  38  4:31  Refinery  
  38  4:33  Refinery  
  38  4:36  SCV  
  39  4:39  SCV  
  39  4:43  Supply Depot  
  40  4:48  SCV  
  40  4:51  Terran Infantry Weapons Level 1  
  40  4:52  Barracks  
  41  4:53  SCV  
  42  5:01  SCV  
  42  5:05  Marauder, Marine x2  
  47  5:10  Factory  
  47  5:11  SCV  
  47  5:13  SCV  
  49  5:23  SCV  
  49  5:25  SCV  
  51  5:35  SCV  
  52  5:37  SCV  
  52  5:39  Supply Depot  
  52  5:42  Barracks Reactor  
  53  5:45  Stimpack  
  53  5:46  Marauder  
  53  5:47  SCV  
  56  5:50  Marine x2  
  58  6:07  Factory Reactor  
  58  6:08  Marauder, Starport, Marine x2  
  58  6:10  Missile Turret  
  62  6:12  Missile Turret  
  62  6:13  SCV x2  
  62  6:17  Supply Depot  
  64  6:25  SCV  
  65  6:30  Marauder, Marine x3  
  65  6:31  Marine  
  47  6:41  SCV  
  47  6:42  SCV  
  49  6:53  SCV  
  50  7:03  Missile Turret  
  50  7:04  Missile Turret  
  50  7:05  SCV x2  
  52  7:17  SCV  
  53  7:27  SCV  
  53  7:29  SCV  
  55  7:39  SCV  
  55  7:41  SCV  
  57  7:44  Missile Turret  
  57  7:45  Marine  
  57  7:46  Marauder, Marine x3  
  57  7:51  SCV  
  64  7:53  SCV  
  65  8:03  SCV  
  65  8:05  SCV  
  67  8:06  Marine x2  
  67  8:07  Marauder  
  71  8:15  SCV  
  71  8:16  Marine x2  
  71  8:17  SCV  
  75  8:20  Terran Infantry Armor Level 1  
  75  8:23  Marine  
  76  8:27  SCV  
  76  8:29  Marauder, SCV  
  80  8:37  Armory  
  80  8:38  Marine  
  80  8:39  Missile Turret, SCV, Marine x2  
  84  8:41  SCV  
  84  8:46  Widow Mine x2  
  89  8:51  SCV  
  89  8:53  Combat Shields  
  89  8:55  Marauder, Marine  
  93  8:56  Marine x2  
  93  8:59  SCV  
  96  9:03  SCV  
  97  9:12  SCV  
  97  9:14  Command Center  
  98  9:25  SCV x2  
  98  9:27  Factory Tech Lab, Marine  
  98  9:28  Marauder, Marine x3  
  106  9:37  SCV x2  
  108  9:50  Medivac  
  110  10:12  Missile Turret  
  110  10:13  Missile Turret  
  110  10:21  Terran Infantry Weapons Level 2  
  110  10:25  Medivac x2, Marine  
  110  10:26  Siege Tank, SCV x2  
  120  10:31  Engineering Bay  
  120  10:38  SCV x2  
  122  10:46  Marauder, Marine  
  125  10:51  Barracks  
  125  10:55  Barracks  
  125  11:08  Missile Turret  
  125  11:12  Missile Turret  
  125  11:14  Refinery  
  125  11:16  Siege Tank, SCV x2, Marine x5  
  135  11:28  SCV x2  
  137  11:33  Marine x5  
  142  11:51  Marine x4  
  142  11:52  Marauder  
  148  12:09  Marine  
  148  12:11  Planetary Fortress  
  148  12:14  Refinery  
  149  12:54  Medivac x2, SCV x2  
  149  12:57  Siege Tank  
  149  13:05  Marine  
  149  13:07  SCV  
  149  13:09  Barracks Reactor  
  149  13:12  Barracks Tech Lab  
  149  13:57  Marine  
  149  14:04  Supply Depot  
  149  14:06  Supply Depot x2  
  149  14:09  Supply Depot  
  149  14:10  Supply Depot  
  149  14:11  Supply Depot  
  149  14:13  Supply Depot  
  149  14:15  Supply Depot  
  149  14:26  Medivac, Marauder, SCV, Marine x4  
  149  14:27  Medivac, Siege Tank, Marine x3  
  159  14:38  SCV  
  137  14:43  Marine x3  
  137  14:44  Marine x2  
  137  14:45  Marine x2  
  135  14:47  Marine  
  133  14:56  Medivac  
  133  14:57  Medivac  
  130  15:01  Marine x3  
  130  15:02  Marine x4  
  130  15:05  Marine  
  118  15:19  Marine x4  
  118  15:20  Marine x3  
  118  15:23  Marine  
  118  15:26  Medivac  
  120  15:37  Marine x4  
  120  15:38  Marine x3  
  120  15:40  Marine  
  128  15:55  Marine  
  129  15:58  Marine  
  130  16:19  Marine  
  130  16:20  Marine x7  
  138  16:37  Marine  
  138  16:38  Marine x7  
  146  16:54  Command Center  
  146  16:55  Marine x3  
  146  16:56  Marine x5  
  137  17:13  Marine x3  
  128  17:16  Marine  
  128  17:17  Marine x4  
  130  17:31  Marine x3  
  130  17:34  Marine x5  
  138  17:48  Marine  
  138  17:49  Marine x2  
  137  17:52  Marine x5  
  142  18:05  Siege Tank  
  145  18:06  Marine  
  145  18:07  Medivac x2, Marine x2  
  145  18:09  Marine  
  145  18:10  Marine x4  
  156  18:24  Marine  
  156  18:25  Marine x2  
  159  18:27  Marine  
  159  18:28  Marine x2  
  159  18:32  Orbital Command  
  162  18:37  Medivac, Siege Tank  
  163  18:52  Marine x7  
  163  18:53  Marine  
  163  18:55  Medivac  
  160  19:07  Medivac  
  160  19:09  Siege Tank  
  163  19:10  Marine x8  
  165  19:25  Medivac  
  165  19:27  Marine  
  165  19:28  Marine x7  
  165  19:41  Siege Tank  
  165  19:42  Medivac  
  169  19:45  Marine  
  169  19:46  Marine x7  
Show
View Real Time Build Order
Export as new Build Order

Metasapien Zerg - Winner!

Build Orders: Pool First 

Get SALT Encoding   

  12  0:14  Spawning Pool  
  12  0:18  Drone  
  12  0:22  Drone  
  12  0:27  Drone  
  14  0:31  Overlord  
  14  0:54  Extractor  
  14  0:56  Drone x2  
  15  1:20  Drone  
  15  1:21  Zergling x2  
  15  1:23  Queen  
  19  1:28  Drone  
  20  1:34  Zergling x2  
  21  1:56  Hatchery  
  20  2:10  Metabolic Boost  
  20  2:18  Zergling x4  
  20  2:19  Overlord, Extractor  
  21  2:37  Queen  
  21  2:42  Drone x2  
  21  2:43  Drone  
  26  2:45  Drone  
  27  2:53  Overlord  
  27  3:06  Zergling x2  
  27  3:07  Roach Warren  
  27  3:09  Overlord  
  27  3:10  Zergling x2  
  28  3:14  Queen  
  30  3:31  Overlord  
  30  3:32  Zergling x8  
  34  3:44  Drone  
  35  3:57  Drone  
  36  4:03  Drone x3  
  36  4:08  Lair  
  39  4:11  Drone  
  39  4:12  Drone x2  
  39  4:15  Hatchery  
  41  4:28  Zergling x6, Roach x2  
  41  4:29  Roach  
  50  4:32  Drone x3  
  53  4:47  Zergling x6  
  55  5:01  Roach  
  55  5:02  Roach  
  55  5:04  Queen  
  59  5:08  Queen  
  59  5:09  Hydralisk Den  
  59  5:14  Spore Crawler  
  58  5:16  Spine Crawler  
  56  5:22  Ravager  
  56  5:25  Roach  
  56  5:27  Overlord x2  
  57  5:45  Extractor  
  57  5:46  Drone x6  
  57  5:48  Extractor  
  61  5:55  Hydralisk x2  
  61  5:56  Hydralisk x4  
  73  6:06  Overlord x2  
  73  6:07  Overlord  
  73  6:21  Evolution Chamber  
  72  6:30  Evolution Chamber, Overseer  
  71  6:40  Overseer  
  71  6:55  Overlord x3  
  71  6:56  Hydralisk x6  
  71  6:57  Hydralisk x2  
  70  7:07  Hydralisk  
  64  7:14  Spore Crawler  
  58  7:26  Queen  
  58  7:29  Pneumatized Carapace  
  58  7:32  Drone x2  
  58  7:33  Drone  
  58  7:36  Drone  
  62  7:38  Overseer  
  60  8:08  Hydralisk x3  
  50  8:19  Drone  
  39  8:20  Drone x4  
  31  8:46  Hydralisk  
  31  8:47  Drone x4  
  33  8:59  Drone x2  
  35  9:07  Drone x2  
  35  9:08  Drone  
  38  9:19  Drone  
  39  9:26  Spawning Pool  
  39  9:27  Drone x2  
  40  9:34  Overseer  
  40  9:52  Overseer  
  40  9:56  Drone x5  
  45  10:00  Drone  
  45  10:01  Drone x2  
  48  10:23  Hydralisk x2  
  48  10:28  Spore Crawler  
  47  10:29  Spore Crawler  
  47  10:35  Hydralisk  
  44  10:41  Extractor  
  45  10:44  Extractor  
  44  10:53  Hatchery  
  44  10:54  Hatchery  
  44  10:57  Drone x3  
  44  11:02  Extractor  
  44  11:22  Overseer  
  44  11:26  Drone x3  
  44  11:27  Drone x3  
  44  11:30  Drone x3  
  44  11:31  Drone x2  
  55  11:49  Hydralisk x2  
  52  11:57  Hydralisk  
  47  12:09  Queen  
  47  12:13  Hydralisk  
  51  12:16  Extractor, Hydralisk x2  
  51  12:17  Hydralisk  
  24  12:41  Hydralisk  
  4  13:45  Hatchery  
  1  14:58  Drone  
  2  15:00  Queen  
  4  15:09  Drone  
  6  15:21  Drone  
  6  15:37  Drone  
  7  15:59  Drone  
  8  16:04  Drone x2  
  8  16:09  Overlord  
  8  16:10  Drone x2  
  12  16:20  Drone  
  13  16:34  Drone  
  13  16:37  Drone, Extractor  
  14  16:44  Drone x2  
  16  16:52  Drone  
  17  16:59  Drone, Extractor  
  17  17:09  Drone  
  18  17:18  Zergling x4  
  18  17:19  Zergling x2  
  21  17:30  Drone  
  21  17:31  Overlord  
  22  17:48  Overlord  
  22  17:53  Drone  
  22  17:54  Drone  
  24  18:00  Drone x2  
  24  18:03  Drone  
  27  18:10  Drone  
  28  18:33  Hatchery  
  27  18:52  Spawning Pool  
  27  18:54  Roach x2  
  27  18:55  Roach  
  32  19:02  Overlord  
  29  19:44  Ravager x3  
  32  19:46  Zergling x12  
  40  19:54  Drone  
  40  19:58  Drone  
Show
View Real Time Build Order
Export as new Build Order

MotivadooO Terran - Winner!

Build Orders: Command Center First (CC), MMM Bio 

Get SALT Encoding   

  12  0:04  SCV  
  13  0:16  SCV  
  14  0:25  Supply Depot  
  14  0:28  SCV  
  15  0:47  SCV  
  16  0:59  SCV  
  17  1:08  Command Center  
  17  1:12  SCV  
  18  1:23  Supply Depot  
  18  1:29  SCV  
  19  1:36  Refinery  
  19  1:42  SCV  
  19  1:43  Refinery  
  19  1:46  Barracks  
  20  1:54  SCV  
  21  2:06  Barracks, SCV  
  22  2:13  Engineering Bay  
  22  2:18  SCV  
  23  2:25  SCV  
  24  2:30  SCV  
  25  2:37  SCV  
  25  2:42  SCV  
  27  2:47  Bunker  
  27  2:51  Planetary Fortress  
  27  3:01  Barracks Tech Lab  
  27  3:07  Missile Turret, Barracks Tech Lab  
  27  3:09  Missile Turret  
  27  3:20  Bunker  
  27  3:24  Marine x2  
  29  3:28  SCV  
  30  3:35  Missile Turret  
  30  3:39  Missile Turret  
  30  3:40  SCV  
  31  3:42  Marine x2  
  31  3:45  Missile Turret  
  33  3:50  Missile Turret  
  33  3:56  Missile Turret  
  33  4:02  Orbital Command  
  33  4:06  SCV  
  34  4:18  Factory  
  34  4:20  SCV  
  35  4:25  Refinery  
  35  4:27  Refinery  
  35  4:32  Missile Turret, SCV  
  36  4:44  SCV  
  37  4:48  Combat Shields  
  37  4:49  Stimpack  
  37  4:50  Marine x2  
  39  4:56  SCV  
  40  5:01  SCV  
  40  5:03  Factory, Hi-Sec Auto Tracking  
  41  5:08  SCV, Marine  
  43  5:14  Marine  
  43  5:21  SCV  
  45  5:25  Marine  
  45  5:26  Missile Turret  
  46  5:30  Factory Tech Lab  
  46  5:40  Supply Depot  
  46  5:41  Supply Depot  
  46  5:49  Factory Tech Lab, Command Center  
  46  6:01  Siege Tank, Marine x2  
  46  6:02  SCV  
  52  6:10  Bunker  
  52  6:14  SCV  
  53  6:26  SCV  
  54  6:34  Siege Tank  
  43  6:43  Refinery  
  43  6:47  SCV  
  43  6:50  Siege Tank  
  47  6:59  Missile Turret, SCV  
  47  7:00  SCV  
  49  7:02  Refinery  
  49  7:06  Siege Tank  
  49  7:07  SCV  
  53  7:11  SCV  
  53  7:12  Missile Turret, SCV  
  55  7:19  SCV  
  55  7:21  Refinery  
  55  7:22  Siege Tank  
  59  7:24  SCV  
  60  7:31  SCV  
  60  7:36  SCV  
  60  7:37  Sensor Tower  
  62  7:38  Siege Tank, Marine x2  
  67  7:48  SCV  
  68  7:54  Siege Tank  
  68  7:55  Marine  
  68  7:56  Marine  
  73  8:00  SCV  
  74  8:07  SCV  
  75  8:15  Missile Turret  
  75  8:19  Missile Turret, SCV  
  76  8:24  SCV  
  77  8:29  Missile Turret  
  77  8:52  Missile Turret, Barracks x2  
  77  8:55  Barracks  
  77  9:13  Missile Turret  
  77  9:20  Supply Depot  
  77  9:22  Missile Turret, Supply Depot  
  77  9:23  Supply Depot  
  77  9:24  Supply Depot  
  77  9:28  Supply Depot  
  77  9:41  SCV x3  
  73  9:53  Missile Turret, SCV x2  
  73  9:54  SCV  
  74  10:06  SCV x3  
  77  10:12  Sensor Tower  
  77  10:18  SCV x3  
  78  10:30  SCV x2, Sensor Tower  
  80  10:50  Missile Turret  
  80  10:57  Missile Turret  
  80  11:09  Planetary Fortress  
  80  11:17  SCV  
  81  11:23  Missile Turret  
  81  11:47  Missile Turret  
  81  12:00  Barracks Tech Lab x2  
  80  12:01  Barracks Tech Lab  
  80  12:08  Starport  
  80  12:14  Starport  
  80  12:19  Command Center  
  80  12:23  Supply Depot  
  80  12:24  Supply Depot x2  
  80  12:25  Supply Depot  
  80  12:28  Supply Depot  
  80  12:35  Building Armor  
  80  12:55  Refinery  
  80  12:57  Refinery  
  80  12:59  Command Center  
  80  13:00  Missile Turret  
  80  13:11  Concussive Shells  
  80  13:13  Starport Reactor  
  80  13:14  Starport Tech Lab  
  80  13:17  Supply Depot  
  80  13:21  Supply Depot  
  80  13:22  Missile Turret, Supply Depot  
  74  13:45  Missile Turret  
  74  13:49  Marauder x2  
  74  13:50  Marauder x3  
  84  13:58  Orbital Command  
  84  14:01  Medivac x3  
  90  14:03  Armory  
  100  14:27  Marine x5  
  95  14:31  Medivac x3  
  95  14:35  Missile Turret x2  
  95  14:36  Missile Turret  
  95  14:37  Missile Turret x2  
  95  14:38  Missile Turret x3  
  101  14:39  Missile Turret  
  101  14:42  Missile Turret  
  101  14:45  Marine x5  
  106  14:53  Widow Mine  
  106  14:55  Widow Mine  
  110  15:00  Drilling Claws  
  110  15:01  Medivac x3  
  110  15:03  Marine x5  
  121  15:11  Terran Infantry Weapons Level 1  
  121  15:15  Terran Vehicle And Ship Armor Level 1  
  121  15:21  Armory, Marine x5  
  130  15:31  Medivac  
  128  15:37  Hellbat x2  
  128  15:39  Infernal Pre-Igniter, Marine x5  
  137  15:56  Marine x5  
  137  15:58  Hellbat x2  
  137  16:00  Missile Turret  
  137  16:01  Missile Turret x2  
  146  16:14  Marine x5  
  151  16:19  Hellbat  
  151  16:20  Hellbat  
  155  16:25  Orbital Command  
  155  16:56  Marauder  
  155  16:57  Marauder  
  155  17:05  Terran Infantry Armor Level 1  
  155  17:09  Supply Depot  
  155  17:10  Terran Ship Weapons Level 1  
  155  17:30  Marine x2  
  155  17:31  Marauder x2, Hellbat  
  155  17:32  Supply Depot  
  163  17:53  Refinery, Hellbat x2, Marine x4  
  171  18:02  Supply Depot x2  
  171  18:10  Marauder  
  171  18:11  Marine x4  
  177  18:15  Hellbat x2  
  181  18:20  Refinery  
  181  18:29  Orbital Command, Marine x4  
  181  18:31  Marine  
  186  18:36  Hellbat x2  
  190  18:46  Marine x4  
  194  18:49  Marine  
  195  18:58  Hellbat x2  
  199  19:04  Marine  
Show
View Real Time Build Order
Export as new Build Order

BobaFett Protoss 

Build Orders:  

Get SALT Encoding   

  12  0:03  Probe (Chrono Boost)  
  13  0:13  Probe (Chrono Boost)  
  14  0:30  Probe (Chrono Boost)  
  14  0:35  Pylon  
  15  0:53  Probe (Chrono Boost)  
  15  0:56  Pylon  
  16  1:04  Probe (Chrono Boost)  
  17  1:06  Pylon  
  17  1:10  Assimilator  
  17  1:20  Forge  
  17  1:56  Photon Cannon  
  17  1:57  Nexus  
  17  2:05  Gateway  
  17  2:14  Photon Cannon  
  17  2:18  Probe (Chrono Boost)  
  18  2:29  Probe (Chrono Boost)  
  19  2:39  Probe (Chrono Boost)  
  19  2:41  Assimilator  
  20  2:48  Pylon  
  20  2:57  Cybernetics Core  
  20  3:03  Pylon  
  20  3:08  Probe (Chrono Boost)  
  21  3:17  Assimilator  
  21  3:18  Probe (Chrono Boost)  
  22  3:26  Pylon  
  22  3:29  Probe x2 (Chrono Boost)  
  24  3:40  Probe (Chrono Boost), Mothership Core (Chrono Boost)  
  27  3:51  Probe (Chrono Boost)  
  28  4:05  Pylon  
  28  4:06  Probe (Chrono Boost)  
  28  4:07  Probe (Chrono Boost)  
  30  4:11  Pylon  
  31  4:17  Probe (Chrono Boost)  
  31  4:27  Probe (Chrono Boost)  
  26  4:42  Photon Cannon  
  25  4:46  Photon Cannon  
  25  5:06  Stargate x2  
  25  5:12  Protoss Shields Level 1 (Chrono Boost)  
  25  5:25  Probe  
  26  5:51  Void Ray  
  26  5:52  Void Ray  
  34  6:05  Pylon  
  34  6:40  Void Ray x2 (Chrono Boost)  
  42  7:05  Photon Cannon  
  42  7:12  Protoss Air Weapons Level 1 (Chrono Boost)  
  42  7:38  Void Ray (Chrono Boost)  
  42  7:43  Void Ray (Chrono Boost)  
  50  7:44  Photon Cannon  
  50  8:18  Void Ray (Chrono Boost)  
  50  8:24  Void Ray (Chrono Boost)  
  42  9:06  Protoss Air Armor Level 1 (Chrono Boost)  
  42  9:14  Nexus  
  42  9:19  Pylon  
  42  10:01  Void Ray  
  42  10:02  Void Ray  
  50  10:10  Photon Cannon  
  50  10:13  Photon Cannon  
  50  10:43  Probe  
  50  10:44  Void Ray (Chrono Boost)  
  50  10:45  Void Ray (Chrono Boost)  
  59  10:52  Assimilator  
  59  10:54  Probe  
  60  11:05  Probe  
  61  11:17  Probe  
  62  11:29  Probe  
  63  12:17  Void Ray (Chrono Boost)  
  63  12:18  Void Ray (Chrono Boost)  
  71  12:33  Fleet Beacon  
  61  13:45  Nexus  
  24  15:54  Nexus  
  24  15:58  Pylon  
  24  16:13  Assimilator  
  24  16:16  Assimilator  
  24  16:22  Photon Cannon  
  24  16:25  Photon Cannon  
  24  16:34  Pylon  
  24  16:37  Pylon  
  23  16:55  Photon Cannon  
  23  16:58  Photon Cannon  
  23  17:41  Pylon  
Show
View Real Time Build Order
Export as new Build Order

Tblake Terran 

Build Orders:  

Get SALT Encoding   

  12  0:04  SCV  
  13  0:16  SCV  
  14  0:23  Supply Depot  
  14  0:28  Refinery, SCV  
  15  0:30  Refinery  
  15  0:46  Barracks  
  15  0:47  SCV  
  16  0:59  SCV  
  17  1:11  SCV  
  18  1:23  SCV  
  19  1:34  Factory  
  19  1:35  Barracks  
  19  1:36  SCV  
  20  1:41  Engineering Bay  
  20  1:44  Supply Depot  
  20  1:48  Barracks Tech Lab  
  20  1:52  SCV  
  21  2:06  Supply Depot  
  21  2:14  Ghost Academy  
  21  2:18  Orbital Command  
  21  2:24  Barracks Tech Lab  
  21  2:29  Supply Depot  
  21  2:38  Starport  
  21  2:40  Factory Tech Lab  
  21  2:55  Ghost Academy  
  21  2:57  Personal Cloaking  
  21  3:21  Ghost Academy  
  21  3:24  Starport Reactor  
  21  3:27  Ghost Academy  
  21  3:33  Ghost  
  23  3:41  Ghost  
  25  3:59  Nuke  
  25  4:18  Ghost  
  27  4:25  Command Center  
  27  4:34  Ghost  
  29  4:50  Nuke  
  29  5:17  Nuke  
  29  5:33  Nuke  
  23  7:04  Ghost x2  
  25  7:08  Nuke  
  25  7:33  Ghost x2  
  29  7:46  Nuke x2  
  29  7:54  Nuke  
  29  8:49  Ghost  
  29  8:50  Ghost  
  29  9:29  Refinery  
  29  9:31  Refinery  
  27  10:05  Ghost x2  
  29  10:18  Nuke  
  29  10:19  Nuke  
  29  10:37  SCV  
  29  10:41  SCV  
  31  10:49  SCV  
  32  10:51  Nuke  
  32  10:53  SCV  
  32  10:54  Nuke  
  25  11:56  Nuke x3  
  25  11:59  Ghost x2  
Show
View Real Time Build Order
Export as new Build Order

clark Protoss 

Build Orders:  

Get SALT Encoding   

  12  1:00  Probe (Chrono Boost)  
  13  1:10  Probe (Chrono Boost)  
  14  1:14  Assimilator  
  14  1:19  Assimilator  
  14  1:21  Probe (Chrono Boost), Nexus  
  15  1:29  Pylon  
  15  1:35  Assimilator  
  15  1:47  Probe (Chrono Boost)  
  16  1:58  Probe (Chrono Boost)  
  18  2:08  Probe (Chrono Boost)  
  18  2:11  Gateway  
  18  2:19  Probe (Chrono Boost), Forge  
  19  2:29  Probe (Chrono Boost)  
  20  2:34  Pylon  
  20  2:36  Probe (Chrono Boost)  
  21  2:40  Probe (Chrono Boost)  
  22  2:46  Probe (Chrono Boost)  
  22  2:50  Probe (Chrono Boost)  
  24  2:57  Probe (Chrono Boost)  
  25  3:01  Probe (Chrono Boost), Assimilator  
  26  3:07  Probe (Chrono Boost)  
  27  3:15  Cybernetics Core  
  27  3:16  Pylon  
  27  3:18  Probe (Chrono Boost)  
  27  3:19  Probe (Chrono Boost)  
  29  3:28  Probe (Chrono Boost)  
  30  3:39  Probe (Chrono Boost)  
  31  3:49  Probe (Chrono Boost)  
  31  3:51  Stargate  
  32  3:55  Stargate  
  32  3:59  Stargate  
  32  4:00  Probe (Chrono Boost)  
  33  4:10  Probe (Chrono Boost)  
  34  4:19  Probe (Chrono Boost)  
  34  4:21  Probe (Chrono Boost)  
  36  4:29  Probe (Chrono Boost)  
  36  4:30  Mothership Core (Chrono Boost), Photon Cannon  
  37  4:37  Void Ray (Chrono Boost)  
  43  4:40  Probe  
  44  4:45  Pylon  
  44  4:48  Probe  
  44  4:52  Probe  
  46  4:59  Void Ray (Chrono Boost), Probe  
  39  5:12  Void Ray (Chrono Boost)  
  37  5:39  Photon Cannon  
  37  5:45  Photon Cannon  
  37  6:07  Nexus  
  37  6:08  Void Ray (Chrono Boost)  
  41  6:16  Protoss Air Weapons Level 1 (Chrono Boost)  
  41  6:27  Probe  
  42  6:39  Probe  
  43  6:48  Void Ray  
  47  7:00  Probe  
  42  7:12  Probe  
  43  7:24  Probe  
  36  7:36  Mothership Core  
  36  7:41  Void Ray  
  36  7:43  Void Ray  
  46  7:55  Probe  
  45  8:06  Probe  
  36  8:16  Probe  
  36  8:17  Void Ray  
  41  8:24  Void Ray  
  44  8:27  Probe  
  34  9:02  Void Ray  
  34  9:03  Void Ray  
  34  9:05  Mothership Core  
  44  9:30  Nexus  
  44  9:45  Assimilator  
  44  9:56  Protoss Shields Level 1  
  44  9:57  Pylon  
  44  10:06  Pylon  
  44  10:14  Void Ray x2  
  52  10:25  Assimilator  
  52  10:41  Probe  
  53  10:51  Probe  
  54  11:02  Probe  
  54  11:03  Protoss Air Armor Level 1 (Chrono Boost)  
  55  11:08  Probe  
  56  11:12  Probe  
  57  11:20  Probe  
  57  11:23  Probe  
  57  11:24  Pylon  
  59  11:32  Pylon  
  59  11:33  Probe  
  60  11:44  Probe  
  61  11:54  Probe  
  62  12:08  Void Ray x2  
  56  12:54  Void Ray  
  56  12:55  Void Ray x2  
  68  13:18  Mothership Core  
  70  13:37  Void Ray x2, Probe  
  79  13:48  Probe  
  79  13:49  Void Ray  
  84  13:58  Probe  
  85  14:03  Twilight Council  
  85  14:17  Photon Cannon  
  85  14:20  Void Ray  
  85  14:24  Pylon  
  59  14:40  Void Ray  
  54  15:16  Void Ray  
  58  15:23  Void Ray  
  62  15:42  Pylon  
  62  15:44  Pylon  
  62  15:47  Pylon  
  62  15:58  Pylon, Gateway  
  62  16:00  Void Ray  
  66  16:04  Pylon  
  66  16:06  Void Ray  
  70  16:14  Mothership Core  
  72  16:47  Fleet Beacon  
  72  16:49  Robotics Facility  
  51  17:34  Void Ray  
  56  17:37  Observer  
  56  17:42  Stargate  
  56  17:44  Stargate  
  56  18:03  Stalker  
  58  18:09  Immortal  
  58  18:12  Forge  
  62  18:17  Void Ray  
  62  18:18  Stargate  
  66  18:21  Pylon  
  66  18:23  Pylon  
  66  18:25  Pylon  
  66  18:29  Void Ray x2  
  66  18:33  Pylon, Stalker  
  76  18:38  Pylon  
  75  18:42  Pylon  
  75  18:46  Pylon  
  75  18:48  Immortal  
  59  19:00  Void Ray, Mothership Core  
  63  19:03  Void Ray, Stalker  
  67  19:12  Void Ray x2  
  69  19:27  Immortal  
  61  19:33  Stalker  
Tags
 
Add a new tag
Caveats
  • Supply blocks, unpowered buildings, or Contaminate may cause inaccurate times.
  • Supply counts are checked every 10 seconds.